 Dungeon Crawl Stone Soup version 0.24-a0-812-ga050431 (webtiles) character file.

Game seed: 13331143972823174347, levelgen mode: deterministic

519 DrEnzyme the Skirmisher (level 7, -6/56 HPs)
             Began as a Formicid Wanderer on Oct 11, 2019.
             Asphyxiated
             ... on level 3 of the Dungeon.
             The game lasted 00:09:40 (2360 turns).

DrEnzyme the Skirmisher (Formicid Wanderer)         Turns: 2360, Time: 00:09:41

Health: -6/56      AC:  2    Str: 17    XL:     7   Next: 45%
Magic:  7/7        EV: 13    Int: 12    God:
Gold:   98         SH:  0    Dex: 11    Spells: 6/6 levels left

rFire    . . .     SeeInvis +   a - +0 mace
rCold    . . .     Gourm    .   (no shield)
rNeg     . . .     Faith    .   e - +0 robe
rPois    .         Spirit   .   (helmet unavailable)
rElec    .         Reflect  .   (no cloak)
rCorr    .         Harm     .   (no gloves)
MR       .....                  (no boots)
Stlth    ++........             (no amulet)
HPRegen  0.18/turn              (no ring)
MPRegen  0.10/turn              (no ring)

@: lethally poisoned (-6 -> -23)
A: permanent stasis, dig shafts and tunnels, four strong arms, antennae 3
a: Dig, Shaft Self


You were on level 3 of the Dungeon.
You were not hungry.

You visited 1 branch of the dungeon, and saw 4 of its levels.
You also visited: Sewer.

You collected 98 gold pieces.

Inventory:

Hand Weapons
 a - a +0 mace (weapon)
 k - a +2 falchion of holy wrath
Missiles
 g - 13 poisoned darts (quivered)
Armour
 e - a +0 robe (worn)
Jewellery
 m - an uncursed ring of poison resistance {unknown}
 n - an uncursed ring of protection from magic {unknown}
Scrolls
 h - 4 scrolls of teleportation
 i - a scroll of remove curse
Potions
 b - 2 potions of haste
 d - a potion of flight
 j - a potion of might
Comestibles
 f - 6 rations


   Skills:
 + Level 5.3 Fighting
 + Level 4.0 Maces & Flails
 + Level 3.3 Throwing
 + Level 3.0 Dodging
 + Level 2.2 Stealth
 + Level 2.4 Unarmed Combat


You had 6 spell levels left.
You didn't know any spells.
Your spell library was empty.

Dungeon Overview and Level Annotations

Branches:
Dungeon (4/15)              Sewer (visited)
 Temple: D:4-7

Altars:
Hepliaklqana
Ru
The Shining One


Innate Abilities, Weirdness & Mutations

You cannot be hasted, slowed, berserked, paralysed or teleported.
You can dig through walls and to a lower floor.
Your four strong arms can wield two-handed weapons with a shield.
You have a pair of large antennae on your head. (SInv)


Message History

Okay, then.
Okay, then.
* * * LOW HITPOINT WARNING * * *
You feel sick.
* * * LOW HITPOINT WARNING * * *
You feel sick.
* * * LOW HITPOINT WARNING * * *
You feel sick.
You see here a curare-tipped dart.
* * * LOW HITPOINT WARNING * * *
You feel sick.
The hobgoblin throws a curare-tipped dart.
The curare-tipped dart barely misses you.
* * * LOW HITPOINT WARNING * * *
You feel sick.
The hobgoblin throws a curare-tipped dart.
The curare-tipped dart hits you.
You are more poisoned.
You have difficulty breathing.
You die...

########
######.......
#..........#
##@..##.##
#........#
#.((.....##.#
#.#.........).
##.#......##.##
####.........#
##.#.....##......
#........g........
##....)..........#


You could see a hobgoblin.

Vanquished Creatures
  Grinder (D:3)
  Menkaure (D:4)
  Purgy (Sewer)
  An orc priest (D:4)
  A worker ant (D:4)
  An adder skeleton (D:4)
  2 worms (D:4)
  3 dart slugs
  4 leopard geckos (D:4)
  2 orcs (D:4)
  A bat (D:1)
  2 giant cockroaches
  A goblin (D:1)
  5 hobgoblins (D:1)
  5 ball pythons
  2 frilled lizards (Sewer)
  4 kobolds
  7 rats
44 creatures vanquished.

Notes
Turn   | Place    | Note
-------+----------+-------------------------------------------
     0 | D:1      | DrEnzyme the Formicid Wanderer began the quest for the Orb.
     0 | D:1      | DrEnzyme set off with the following items: a +0 mace, a
                  | potion of haste, a potion of curing, a potion of heal
                  | wounds, a +0 robe, a ration
     0 | D:1      | Reached XP level 1. HP: 18/18 MP: 1/1
   183 | D:1      | Reached XP level 2. HP: 25/25 MP: 2/2
   268 | D:1      | Reached skill level 4 in Fighting
   503 | D:2      | Found a glowing golden altar of the Shining One.
   596 | D:2      | Found a sacrificial altar of Ru.
   667 | D:2      | Reached XP level 3. HP: 30/30 MP: 3/3
   705 | D:2      | You fall into a shaft and drop 2 floors!
   732 | D:4      | Reached XP level 4. HP: 37/38 MP: 4/4
   908 | D:4      | Found a hazy altar of Hepliaklqana.
  1110 | D:4      | Reached XP level 5. HP: 43/43 MP: 5/5
  1152 | D:4      | Found a glowing drain.
  1156 | Sewer    | Entered a sewer
  1242 | Sewer    | Noticed Purgy
  1261 | Sewer    | HP: 2/43 [Purgy (1)]
  1285 | Sewer    | Killed Purgy
  1285 | Sewer    | Reached XP level 6. HP: 23/49 MP: 6/6
  1711 | D:4      | Noticed Menkaure
  1720 | D:4      | Killed Menkaure
  2108 | D:3      | Reached skill level 5 in Fighting
  2268 | D:3      | Noticed Grinder
  2278 | D:3      | Killed Grinder
  2278 | D:3      | Reached XP level 7. HP: 10/56 MP: 7/7
  2360 | D:3      | HP: 1/56 [poisoned by hobgoblin (curare-tipped dart)]
  2360 | D:3      | Asphyxiated

Levels and vault maps discovered:
D:1:      grunt_arrival_lava_bath, layout_basic, minmay_pentomino_w2
D:2:      minmay_wonky_spiral, layout_rooms, nicolae_overflow_crystal_walls,
          old_standard_altar, lemuel_crystal_altar, first_ration, uniq_terence
D:3:      layout_loops_ring, elyvilon_altar_5, uniq_grinder
D:4:      layout_loops_corners, gammafunk_temple_overflow_claw,
          nicolae_overflow_hidden_temple, gup_sewer_entry_spiral, uniq_duvessa,
          uniq_menkaure

Skill      XL: |  1  2  3  4  5  6 |
---------------+-------------------+-----
Fighting       | 4 5 |  5.3
Throwing       | 2 3 |  3.3
Stealth        | 2 |  2.2
Maces & Flails | 4 |  4.0
Dodging        | 3 |  3.0
Unarmed Combat | |  2.4

Action                   |  1- 3 |  4- 6 |  7- 9 || total
-------------------------+-------+-------+-------++-------
Melee: Mace              |    28 |   112 |       ||   140
Throw: Dart              |    28 |    33 |       ||    61
 Abil: Dig               |       |     2 |       ||     2
  Use: Potion            |       |     9 |       ||     9
       Scroll            |       |     2 |       ||     2
 Stab: Sleeping          |     1 |       |       ||     1
  Eat: Chunk             |       |     2 |     1 ||     3
       Ration            |       |     1 |       ||     1
Armor: Robe              |     3 |    19 |       ||    22
Dodge: Dodged            |    17 |   156 |     1 ||   174

Table legend:
 A = Non-vault XP
 B = Vault XP
 C = Vault XP percentage of total XP
 D = Non-vault monster count
 E = Vault monster count
 F = Vault count percentage of total count
                 A         B        C        D         E       F
            +---------+---------+-------+---------+---------+-------
      Total |     131 |     611 |  82.3 |      26 |      18 |  40.9
            +---------+---------+-------+---------+---------+-------
        D:1 |      18 |       2 |  10.0 |      11 |       1 |   8.3
        D:2 |      10 |       0 |   0.0 |       4 |       0 |   0.0
        D:3 |      12 |     272 |  95.8 |       5 |       1 |  16.7
        D:4 |      91 |     194 |  68.1 |       6 |       9 |  60.0
      Sewer |       0 |     143 | 100.0 |       0 |       7 | 100.0
            +---------+---------+-------+---------+---------+-------
